[ AOE2 MATCH · #478143570 ]
Team RMMaya vs Mongols
[ REPLAY ANALYSIS · EXTRACTED FROM THE RECORDED GAME ]
Feudal
10:33
Castle
22:06
Imperial
—
| APM avg | 32.5 |
| APM peak | 61 |
| eAPM avg | 15.2 |
| Villagers / military | 43 / 16 |
Focus
⚔️ 17.6% · 🌾 82.4%
Archer ×12 · Spearman ×2 · Eagle Scout ×2
Feudal
11:11
Castle
21:50
Imperial
—
| APM avg | 28.7 |
| APM peak | 78 |
| eAPM avg | 9.1 |
| Villagers / military | 45 / 4 |
Focus
⚔️ 16.8% · 🌾 83.2%
Scout Cavalry ×4
Feudal
10:21
Castle
—
Imperial
—
| APM avg | 11.3 |
| APM peak | 24 |
| eAPM avg | 10.2 |
| Villagers / military | 37 / 13 |
Focus
⚔️ 26.0% · 🌾 74.0%
Scout Cavalry ×13
Feudal
12:26
Castle
—
Imperial
—
| APM avg | 16.0 |
| APM peak | 58 |
| eAPM avg | 10.3 |
| Villagers / military | 36 / 38 |
Focus
⚔️ 39.4% · 🌾 60.6%
Serjeant ×38
Feudal
12:31
Castle
18:46
Imperial
—
| APM avg | 22.1 |
| APM peak | 48 |
| eAPM avg | 10.9 |
| Villagers / military | 43 / 3 |
Focus
⚔️ 13.7% · 🌾 86.3%
Knight ×2 · Mangudai ×1
Feudal
12:30
Castle
17:36
Imperial
—
| APM avg | 20.8 |
| APM peak | 74 |
| eAPM avg | 11.0 |
| Villagers / military | 32 / 5 |
Focus
⚔️ 23.5% · 🌾 76.5%
Spearman ×5
Match map
Initial resources + every placement click. Lines = walls · curves = elevation contours. ◆ gold · ⬟ stone · ● berries · ✦ relic · ◌ wall gap
Your base· ✓ Closed at 22:06 · 49t walls · 1 gate(s)
着什么急's base· Open — 12t gap
juani.sanpedro's base· Open — unwalled flank
Quemero's base· Open — unwalled flank
兮兮的沙碧久's base· ✓ Closed at 18:46 · 47t walls · 1 gate(s)
chispas's base· ✓ Closed at 17:36 · 64t walls · 3 gate(s)
Smoothed initial terrain · ◌ = detected wall gap · hover for details
Inputs per minute
— juanma3321 - - 着什么急
Build order — juanma3321
133 actions detected in the replay
| 0:02 | Research | Loom |
| 0:03 | Create | Villager (Male) |
| 0:03 | Create | Villager (Male) |
| 0:03 | Create | Villager (Male) |
| 0:05 | Build | House |
| 0:08 | Build | House |
| 1:30 | Create | Villager (Male) |
| 1:30 | Create | Villager (Male) |
| 1:54 | Build | Lumber Camp |
| 2:12 | Create | Villager (Male) |
| 2:12 | Create | Villager (Male) |
| 2:31 | Create | Villager (Male) |
| 2:31 | Create | Villager (Male) |
| 3:06 | Create | Villager (Male) |
| 3:07 | Create | Villager (Male) |
| 4:11 | Create | Villager (Male) |
| 4:11 | Create | Villager (Male) |
| 4:53 | Create | Villager (Male) |
| 4:53 | Create | Villager (Male) |
| 5:08 | Build | House |
| 5:29 | Create | Villager (Male) |
| 5:29 | Create | Villager (Male) |
| 5:56 | Build | Mill |
| 6:37 | Create | Villager (Male) |
| 7:00 | Create | Villager (Male) |
| 7:09 | Build | Mill |
| 7:26 | Create | Villager (Male) |
| 7:39 | Build | Palisade Wall |
| 8:18 | Build | House |
| 8:23 | Research | Feudal Age |
| 9:23 | Build | Barracks |
| 10:06 | Build | Mining Camp |
| 10:16 | Build | Palisade Wall |
| 10:26 | Create | Villager (Male) |
| 10:26 | Create | Villager (Male) |
| 10:33 | Age | Feudal Age |
| 10:43 | Build | Archery Range |
| 11:01 | Research | Double-Bit Axe |
| 11:02 | Research | Double-Bit Axe |
| 11:09 | Build | House |
| 11:12 | Create | Villager (Male) |
| 11:27 | Create | Spearman |
| 11:27 | Create | Spearman |
| 11:48 | Create | Villager (Male) |
| 11:58 | Create | Archer |
| 11:58 | Create | Archer |
| 12:09 | Build | House |
| 12:12 | Build | Palisade Wall |
| 12:15 | Create | Villager (Male) |
| 12:15 | Create | Villager (Male) |
| 12:24 | Build | Palisade Gate |
| 12:43 | Build | House |
| 12:44 | Build | Palisade Wall |
| 12:48 | Build | Palisade Wall |
| 12:53 | Build | House |
| 12:55 | Build | Palisade Wall |
| 12:59 | Build | Palisade Wall |
| 13:01 | Create | Villager (Male) |
| 13:03 | Build | Farm |
| 13:33 | Create | Archer |
| 13:33 | Create | Archer |
| 13:35 | Create | Villager (Male) |
| 13:38 | Build | Farm |
| 13:41 | Build | Farm |
| 13:49 | Create | Villager (Male) |
| 14:24 | Create | Villager (Male) |
| 14:47 | Build | Blacksmith |
| 14:58 | Build | Farm |
| 14:59 | Build | Farm |
| 15:00 | Build | Farm |
| 15:29 | Build | Farm |
| 15:31 | Build | Farm |
| 15:48 | Research | Fletching |
| 15:56 | Create | Eagle Scout |
| 15:56 | Create | Eagle Scout |
| 16:05 | Research | Padded Archer Armor |
| 16:10 | Create | Villager (Male) |
| 16:10 | Create | Villager (Male) |
| 16:16 | Build | House |
| 17:03 | Create | Villager (Male) |
| 17:03 | Create | Villager (Male) |
| 17:05 | Research | Horse Collar |
| 17:08 | Create | Archer |
| 17:08 | Create | Archer |
| 17:08 | Create | Archer |
| 17:32 | Build | House |
| 17:33 | Build | House |
| 17:34 | Build | House |
| 17:36 | Build | House |
| 17:38 | Build | Farm |
| 17:43 | Research | Scale Mail Armor |
| 17:51 | Create | Villager (Male) |
| 18:01 | Build | Farm |
| 18:19 | Create | Villager (Male) |
| 18:19 | Create | Villager (Male) |
| 18:26 | Build | Farm |
| 18:27 | Build | Farm |
| 18:27 | Build | Farm |
| 18:27 | Build | Farm |
| 18:27 | Build | Farm |
| 18:28 | Build | Farm |
| 18:28 | Build | Farm |
| 18:50 | Build | Farm |
| 18:58 | Build | Farm |
| 19:22 | Build | Farm |
| 19:23 | Create | Villager (Male) |
| 19:23 | Create | Villager (Male) |
| 19:26 | Research | Castle Age |
| 19:26 | Research | Castle Age |
| 19:50 | Build | House |
| 20:12 | Create | Archer |
| 20:12 | Create | Archer |
| 20:13 | Create | Archer |
| 20:19 | Research | Gold Mining |
| 20:43 | Research | Forging |
| 21:25 | Build | House |
| 21:27 | Build | Palisade Wall |
| 22:06 | Age | Castle Age |
| 22:16 | Research | Crossbowman (upgrade) |
| 22:33 | Build | House |
| 22:35 | Build | Palisade Wall |
| 22:36 | Build | Palisade Wall |
| 22:43 | Create | Archer |
| 22:43 | Create | Archer |
| 22:52 | Build | Watch Tower |
| 23:41 | Research | Bodkin Arrow |
| 24:02 | Build | Farm |
| 24:14 | Research | Squires |
| 24:37 | Research | Pikeman (upgrade) |
| 24:47 | Create | Villager (Male) |
| 24:47 | Create | Villager (Male) |
| 24:48 | Create | Villager (Male) |
| 24:48 | Create | Villager (Male) |
Build order — 着什么急
105 actions detected in the replay
| 0:01 | Create | Villager (Male) |
| 0:01 | Create | Villager (Male) |
| 0:02 | Create | Villager (Male) |
| 0:03 | Build | House |
| 0:05 | Build | House |
| 0:17 | Create | Villager (Male) |
| 0:17 | Create | Villager (Male) |
| 0:33 | Build | Mill |
| 1:36 | Create | Villager (Male) |
| 1:36 | Create | Villager (Male) |
| 1:52 | Create | Villager (Male) |
| 1:53 | Create | Villager (Male) |
| 2:32 | Create | Villager (Male) |
| 2:32 | Create | Villager (Male) |
| 2:32 | Create | Villager (Male) |
| 4:04 | Build | Lumber Camp |
| 4:09 | Create | Villager (Male) |
| 4:09 | Create | Villager (Male) |
| 4:10 | Create | Villager (Male) |
| 4:10 | Create | Villager (Male) |
| 4:59 | Build | House |
| 5:11 | Research | Loom |
| 5:18 | Create | Villager (Male) |
| 5:19 | Create | Villager (Male) |
| 5:48 | Create | Villager (Male) |
| 5:49 | Create | Villager (Male) |
| 5:54 | Create | Villager (Male) |
| 8:19 | Build | Barracks |
| 8:25 | Build | House |
| 8:59 | Create | Villager (Male) |
| 9:00 | Research | Feudal Age |
| 9:19 | Create | Villager (Male) |
| 9:49 | Build | Palisade Wall |
| 9:56 | Build | House |
| 10:03 | Build | Palisade Wall |
| 10:18 | Build | Palisade Wall |
| 10:31 | Create | Villager (Male) |
| 10:32 | Create | Villager (Male) |
| 10:32 | Create | Villager (Male) |
| 10:33 | Create | Villager (Male) |
| 11:11 | Age | Feudal Age |
| 11:20 | Build | Stable |
| 11:29 | Build | Blacksmith |
| 11:47 | Build | Palisade Wall |
| 11:55 | Create | Villager (Male) |
| 12:06 | Build | Farm |
| 12:09 | Research | Double-Bit Axe |
| 12:15 | Build | Mining Camp |
| 12:24 | Build | Palisade Wall |
| 12:30 | Build | Palisade Wall |
| 12:38 | Build | Palisade Gate |
| 12:41 | Build | Palisade Wall |
| 12:46 | Build | House |
| 12:53 | Create | Scout Cavalry |
| 12:53 | Create | Scout Cavalry |
| 12:54 | Create | Scout Cavalry |
| 13:03 | Build | Farm |
| 13:05 | Build | Farm |
| 13:08 | Build | Farm |
| 13:11 | Research | Horse Collar |
| 13:19 | Build | Farm |
| 13:47 | Build | Farm |
| 14:00 | Create | Scout Cavalry |
| 14:24 | Build | Lumber Camp |
| 14:36 | Create | Villager (Male) |
| 14:44 | Build | Farm |
| 14:53 | Research | Scale Barding Armor |
| 15:23 | Build | Farm |
| 15:34 | Create | Villager (Male) |
| 15:35 | Create | Villager (Male) |
| 16:07 | Build | Farm |
| 16:10 | Build | House |
| 16:11 | Build | House |
| 17:44 | Build | Farm |
| 17:46 | Create | Villager (Male) |
| 18:01 | Build | Market |
| 19:10 | Research | Castle Age |
| 20:02 | Build | Farm |
| 20:05 | Research | Gold Mining |
| 20:08 | Build | House |
| 21:50 | Age | Castle Age |
| 22:24 | Build | Town Center |
| 22:36 | Create | Villager (Male) |
| 22:36 | Create | Villager (Male) |
| 22:36 | Create | Villager (Male) |
| 22:42 | Build | Stable |
| 23:21 | Build | Town Center |
| 23:28 | Create | Villager (Male) |
| 23:28 | Create | Villager (Male) |
| 23:31 | Build | Farm |
| 23:33 | Research | Heavy Plow |
| 23:34 | Research | Bow Saw |
| 23:52 | Build | Farm |
| 24:06 | Create | Villager (Male) |
| 24:06 | Create | Villager (Male) |
| 24:07 | Create | Villager (Male) |
| 24:07 | Create | Villager (Male) |
| 24:07 | Create | Villager (Male) |
| 24:27 | Research | Gold Shaft Mining |
| 24:31 | Build | Farm |
| 24:33 | Build | Farm |
| 24:35 | Research | Wheelbarrow |
| 24:46 | Create | Villager (Male) |
| 24:51 | Create | Villager (Male) |
| 24:51 | Create | Villager (Male) |
Build order — juani.sanpedro
96 actions detected in the replay
| 0:05 | Create | Villager (Male) |
| 0:06 | Create | Villager (Male) |
| 0:06 | Create | Villager (Male) |
| 0:06 | Create | Villager (Male) |
| 0:06 | Create | Villager (Male) |
| 0:11 | Build | House |
| 0:15 | Build | House |
| 1:30 | Create | Villager (Male) |
| 1:52 | Create | Villager (Male) |
| 2:33 | Create | Villager (Male) |
| 2:34 | Research | Loom |
| 2:57 | Create | Villager (Male) |
| 2:57 | Create | Villager (Male) |
| 3:09 | Build | Mill |
| 3:15 | Build | House |
| 3:19 | Build | House |
| 3:24 | Build | Palisade Wall |
| 3:27 | Build | Palisade Wall |
| 3:30 | Build | Palisade Gate |
| 3:33 | Create | Villager (Male) |
| 3:34 | Create | Villager (Male) |
| 3:34 | Create | Villager (Male) |
| 4:07 | Create | Villager (Male) |
| 4:40 | Build | House |
| 4:46 | Build | House |
| 4:55 | Create | Villager (Male) |
| 4:55 | Create | Villager (Male) |
| 5:42 | Build | Lumber Camp |
| 5:56 | Create | Villager (Male) |
| 6:25 | Create | Villager (Male) |
| 6:25 | Create | Villager (Male) |
| 6:25 | Create | Villager (Male) |
| 6:35 | Build | Palisade Wall |
| 6:37 | Build | Palisade Gate |
| 6:48 | Create | Villager (Male) |
| 6:59 | Create | Villager (Male) |
| 7:31 | Build | House |
| 8:03 | Build | House |
| 8:06 | Build | Palisade Wall |
| 8:11 | Research | Feudal Age |
| 8:54 | Build | House |
| 8:58 | Build | Palisade Wall |
| 9:01 | Build | Barracks |
| 9:07 | Build | Palisade Wall |
| 9:24 | Create | Villager (Male) |
| 9:24 | Create | Villager (Male) |
| 9:24 | Create | Villager (Male) |
| 10:21 | Age | Feudal Age |
| 10:31 | Build | Stable |
| 10:41 | Research | Double-Bit Axe |
| 10:48 | Build | Farm |
| 10:55 | Build | House |
| 10:58 | Build | House |
| 11:12 | Build | Mill |
| 11:22 | Build | Farm |
| 11:43 | Build | Farm |
| 11:47 | Create | Villager (Male) |
| 11:47 | Create | Villager (Male) |
| 11:47 | Create | Villager (Male) |
| 11:47 | Create | Villager (Male) |
| 11:48 | Create | Villager (Male) |
| 11:48 | Create | Villager (Male) |
| 11:49 | Create | Villager (Male) |
| 11:49 | Create | Villager (Male) |
| 12:15 | Build | Palisade Wall |
| 12:17 | Build | Palisade Gate |
| 12:19 | Build | Farm |
| 12:40 | Build | Farm |
| 12:54 | Create | Scout Cavalry |
| 12:54 | Create | Scout Cavalry |
| 12:55 | Create | Scout Cavalry |
| 13:16 | Build | Farm |
| 13:21 | Build | Mining Camp |
| 13:36 | Build | Farm |
| 13:48 | Build | House |
| 13:50 | Build | House |
| 14:00 | Build | Farm |
| 14:27 | Build | Farm |
| 15:20 | Build | Watch Tower |
| 15:37 | Build | Farm |
| 16:08 | Create | Scout Cavalry |
| 16:09 | Create | Scout Cavalry |
| 16:09 | Create | Scout Cavalry |
| 19:34 | Build | Stable |
| 20:40 | Create | Villager (Male) |
| 20:41 | Create | Villager (Male) |
| 20:41 | Create | Villager (Male) |
| 20:41 | Create | Villager (Male) |
| 20:52 | Create | Scout Cavalry |
| 20:53 | Create | Scout Cavalry |
| 20:53 | Create | Scout Cavalry |
| 20:53 | Create | Scout Cavalry |
| 20:53 | Create | Scout Cavalry |
| 20:54 | Create | Scout Cavalry |
| 20:54 | Create | Scout Cavalry |
| 22:36 | Build | Mining Camp |
Build order — Quemero
111 actions detected in the replay
| 0:03 | Research | Loom |
| 0:03 | Research | Loom |
| 0:03 | Research | Loom |
| 0:04 | Create | Villager (Male) |
| 0:04 | Create | Villager (Male) |
| 0:04 | Create | Villager (Male) |
| 0:05 | Create | Villager (Male) |
| 0:14 | Build | House |
| 0:20 | Build | House |
| 2:05 | Create | Villager (Male) |
| 2:05 | Create | Villager (Male) |
| 2:05 | Create | Villager (Male) |
| 2:48 | Build | Lumber Camp |
| 2:59 | Create | Villager (Male) |
| 2:59 | Create | Villager (Male) |
| 3:00 | Create | Villager (Male) |
| 3:00 | Create | Villager (Male) |
| 3:22 | Create | Villager (Male) |
| 3:35 | Create | Villager (Male) |
| 4:03 | Create | Villager (Male) |
| 4:08 | Create | Villager (Male) |
| 4:08 | Create | Villager (Male) |
| 4:27 | Build | House |
| 4:32 | Build | House |
| 5:09 | Create | Villager (Male) |
| 5:10 | Create | Villager (Male) |
| 5:32 | Create | Villager (Male) |
| 6:03 | Create | Villager (Male) |
| 6:18 | Build | Mill |
| 6:21 | Create | Villager (Male) |
| 6:21 | Create | Villager (Male) |
| 6:38 | Create | Villager (Male) |
| 6:39 | Create | Villager (Male) |
| 6:39 | Create | Villager (Male) |
| 7:42 | Create | Villager (Male) |
| 7:53 | Build | House |
| 7:57 | Build | Mining Camp |
| 7:59 | Create | Villager (Male) |
| 8:02 | Create | Villager (Male) |
| 8:20 | Create | Villager (Male) |
| 9:01 | Build | Farm |
| 9:45 | Build | Mining Camp |
| 10:16 | Research | Feudal Age |
| 10:17 | Research | Feudal Age |
| 10:26 | Build | Donjon |
| 11:04 | Build | Donjon |
| 11:10 | Build | House |
| 11:14 | Build | House |
| 11:24 | Create | Villager (Male) |
| 11:25 | Create | Villager (Male) |
| 11:34 | Build | Palisade Gate |
| 11:42 | Build | Palisade Wall |
| 12:03 | Create | Villager (Male) |
| 12:26 | Age | Feudal Age |
| 12:28 | Create | Serjeant |
| 12:28 | Create | Serjeant |
| 12:35 | Build | Blacksmith |
| 12:49 | Create | Serjeant |
| 12:50 | Create | Serjeant |
| 13:08 | Build | Farm |
| 13:23 | Build | Farm |
| 13:46 | Create | Serjeant |
| 13:46 | Create | Serjeant |
| 14:06 | Build | Donjon |
| 14:14 | Create | Serjeant |
| 14:14 | Create | Serjeant |
| 14:15 | Create | Serjeant |
| 14:24 | Build | Farm |
| 14:31 | Create | Villager (Male) |
| 14:31 | Create | Villager (Male) |
| 15:10 | Create | Serjeant |
| 15:10 | Create | Serjeant |
| 15:10 | Create | Serjeant |
| 15:17 | Build | Donjon |
| 16:04 | Create | Serjeant |
| 16:04 | Create | Serjeant |
| 16:04 | Create | Serjeant |
| 16:04 | Create | Serjeant |
| 17:15 | Create | Serjeant |
| 17:15 | Create | Serjeant |
| 17:15 | Create | Serjeant |
| 17:15 | Create | Serjeant |
| 17:46 | Create | Serjeant |
| 17:46 | Create | Serjeant |
| 17:46 | Create | Serjeant |
| 18:13 | Create | Serjeant |
| 18:13 | Create | Serjeant |
| 18:29 | Create | Serjeant |
| 18:30 | Create | Serjeant |
| 19:07 | Create | Serjeant |
| 20:06 | Create | Serjeant |
| 20:06 | Create | Serjeant |
| 20:07 | Create | Serjeant |
| 20:38 | Build | Donjon |
| 21:13 | Create | Serjeant |
| 21:13 | Create | Serjeant |
| 21:13 | Create | Serjeant |
| 21:29 | Build | Farm |
| 21:55 | Build | Donjon |
| 22:08 | Create | Serjeant |
| 22:08 | Create | Serjeant |
| 23:00 | Build | Farm |
| 23:06 | Build | Farm |
| 24:00 | Build | Mining Camp |
| 24:09 | Build | Farm |
| 24:16 | Create | Villager (Male) |
| 24:16 | Create | Villager (Male) |
| 24:23 | Build | Farm |
| 24:31 | Build | Farm |
| 24:50 | Create | Serjeant |
| 24:50 | Create | Serjeant |
Build order — 兮兮的沙碧久
108 actions detected in the replay
| 0:02 | Create | Villager (Male) |
| 0:12 | Build | House |
| 0:24 | Research | Loom |
| 0:25 | Create | Villager (Male) |
| 0:25 | Create | Villager (Male) |
| 0:32 | Create | Villager (Male) |
| 1:30 | Create | Villager (Male) |
| 2:09 | Create | Villager (Male) |
| 2:34 | Build | House |
| 2:37 | Create | Villager (Male) |
| 2:59 | Build | House |
| 3:19 | Create | Villager (Male) |
| 3:48 | Build | Palisade Wall |
| 3:53 | Create | Villager (Male) |
| 4:03 | Create | Villager (Male) |
| 4:07 | Build | Mill |
| 4:20 | Create | Villager (Male) |
| 4:51 | Create | Villager (Male) |
| 5:10 | Create | Villager (Male) |
| 5:32 | Build | Lumber Camp |
| 6:00 | Create | Villager (Male) |
| 6:07 | Build | House |
| 6:10 | Create | Villager (Male) |
| 6:43 | Create | Villager (Male) |
| 6:50 | Build | House |
| 6:53 | Build | Palisade Wall |
| 6:58 | Create | Villager (Male) |
| 7:28 | Create | Villager (Male) |
| 8:04 | Create | Villager (Male) |
| 8:12 | Build | Mining Camp |
| 8:21 | Build | House |
| 8:25 | Build | Palisade Wall |
| 8:54 | Build | Palisade Wall |
| 9:00 | Build | Palisade Gate |
| 9:02 | Create | Villager (Male) |
| 9:09 | Create | Villager (Male) |
| 9:40 | Create | Villager (Male) |
| 9:45 | Build | Palisade Wall |
| 10:02 | Build | Palisade Wall |
| 10:21 | Research | Feudal Age |
| 10:52 | Build | Mining Camp |
| 11:42 | Build | Barracks |
| 12:12 | Build | Farm |
| 12:31 | Age | Feudal Age |
| 12:36 | Research | Horse Collar |
| 12:39 | Create | Villager (Male) |
| 12:40 | Create | Villager (Male) |
| 12:42 | Research | Double-Bit Axe |
| 13:05 | Build | Stone Wall |
| 13:17 | Build | Stone Wall |
| 13:22 | Build | Farm |
| 13:38 | Build | House |
| 13:43 | Create | Villager (Male) |
| 13:47 | Create | Villager (Male) |
| 14:08 | Build | Farm |
| 14:23 | Build | Farm |
| 14:27 | Build | Farm |
| 14:36 | Build | Blacksmith |
| 15:08 | Build | Stable |
| 15:12 | Build | Farm |
| 15:33 | Build | Farm |
| 15:38 | Build | Farm |
| 16:06 | Research | Castle Age |
| 16:31 | Build | House |
| 16:45 | Research | Gold Mining |
| 16:45 | Research | Gold Mining |
| 17:42 | Research | Bloodlines |
| 18:46 | Age | Castle Age |
| 18:51 | Research | Wheelbarrow |
| 19:09 | Build | Town Center |
| 19:14 | Create | Villager (Male) |
| 19:37 | Research | Stone Mining |
| 20:07 | Create | Villager (Male) |
| 20:16 | Build | Farm |
| 20:21 | Build | Farm |
| 20:42 | Create | Villager (Male) |
| 20:57 | Build | Farm |
| 21:10 | Research | Heavy Plow |
| 21:14 | Build | Farm |
| 21:27 | Create | Villager (Male) |
| 21:29 | Create | Villager (Male) |
| 21:29 | Create | Villager (Male) |
| 21:41 | Build | Castle |
| 21:45 | Create | Villager (Male) |
| 22:07 | Build | Castle |
| 22:12 | Create | Knight |
| 22:13 | Create | Knight |
| 22:21 | Build | Farm |
| 22:24 | Build | Farm |
| 22:39 | Research | Fletching |
| 22:41 | Create | Villager (Male) |
| 22:55 | Create | Villager (Male) |
| 23:09 | Build | Farm |
| 23:17 | Build | House |
| 23:20 | Build | House |
| 24:08 | Build | University |
| 24:15 | Build | Farm |
| 24:16 | Create | Villager (Male) |
| 24:18 | Create | Villager (Male) |
| 24:18 | Create | Villager (Male) |
| 24:33 | Research | Murder Holes |
| 24:43 | Build | Farm |
| 24:43 | Create | Villager (Male) |
| 24:44 | Create | Villager (Male) |
| 24:45 | Create | Villager (Male) |
| 24:48 | Create | Mangudai |
| 25:02 | Create | Villager (Male) |
| 25:03 | Create | Villager (Male) |
Build order — chispas
80 actions detected in the replay
| 0:18 | Build | House |
| 0:20 | Build | House |
| 0:54 | Create | Villager (Male) |
| 0:55 | Create | Villager (Male) |
| 0:55 | Create | Villager (Male) |
| 0:55 | Create | Villager (Male) |
| 0:56 | Create | Villager (Male) |
| 0:57 | Research | Loom |
| 2:00 | Create | Villager (Male) |
| 2:01 | Create | Villager (Male) |
| 2:09 | Research | Loom |
| 2:24 | Create | Villager (Male) |
| 2:25 | Create | Villager (Male) |
| 3:02 | Create | Villager (Male) |
| 3:02 | Create | Villager (Male) |
| 3:02 | Create | Villager (Male) |
| 3:51 | Create | Villager (Male) |
| 3:51 | Create | Villager (Male) |
| 3:52 | Create | Villager (Male) |
| 3:57 | Build | Lumber Camp |
| 4:20 | Create | Villager (Male) |
| 4:41 | Create | Villager (Male) |
| 4:42 | Create | Villager (Male) |
| 4:42 | Create | Villager (Male) |
| 5:04 | Create | Villager (Male) |
| 5:05 | Create | Villager (Male) |
| 6:01 | Build | House |
| 6:07 | Build | Mill |
| 6:23 | Create | Villager (Male) |
| 6:23 | Create | Villager (Male) |
| 7:49 | Create | Villager (Male) |
| 8:09 | Build | Mill |
| 8:18 | Create | Villager (Male) |
| 8:18 | Create | Villager (Male) |
| 8:50 | Build | House |
| 9:09 | Build | House |
| 9:44 | Research | Feudal Age |
| 9:51 | Build | Mining Camp |
| 10:38 | Build | Palisade Wall |
| 10:41 | Build | Palisade Wall |
| 10:45 | Build | Palisade Wall |
| 10:51 | Build | Palisade Wall |
| 10:53 | Build | Palisade Wall |
| 10:58 | Build | Palisade Wall |
| 11:02 | Build | Palisade Wall |
| 11:15 | Build | Palisade Gate |
| 11:25 | Build | Palisade Gate |
| 11:41 | Build | Palisade Gate |
| 12:19 | Create | Villager (Male) |
| 12:20 | Create | Villager (Male) |
| 12:20 | Create | Villager (Male) |
| 12:30 | Age | Feudal Age |
| 13:01 | Build | Farm |
| 13:11 | Build | Blacksmith |
| 13:49 | Build | Palisade Wall |
| 13:56 | Build | Farm |
| 14:11 | Build | Market |
| 14:56 | Research | Castle Age |
| 15:54 | Build | Barracks |
| 16:57 | Build | Watch Tower |
| 17:04 | Create | Spearman |
| 17:05 | Create | Spearman |
| 17:05 | Create | Spearman |
| 17:36 | Age | Castle Age |
| 18:12 | Build | Farm |
| 18:27 | Build | Farm |
| 19:24 | Research | Pikeman (upgrade) |
| 19:24 | Create | Spearman |
| 19:25 | Create | Spearman |
| 20:29 | Build | House |
| 20:56 | Build | Mining Camp |
| 21:11 | Build | Palisade Wall |
| 21:14 | Build | Palisade Wall |
| 21:34 | Create | Villager (Male) |
| 22:13 | Build | House |
| 22:15 | Build | House |
| 24:06 | Build | Farm |
| 24:13 | Create | Villager (Male) |
| 24:13 | Create | Villager (Male) |
| 24:46 | Build | Farm |
Match timeline
| 3:24 | juani.sanpedro · wall_segment Palisade Wall x6 |
| 3:27 | juani.sanpedro · wall_segment Palisade Wall x2 |
| 3:48 | 兮兮的沙碧久 · wall_segment Palisade Wall x1 |
| 6:35 | juani.sanpedro · wall_segment Palisade Wall x7 |
| 6:53 | 兮兮的沙碧久 · wall_segment Palisade Wall x8 |
| 7:39 | juanma3321 · wall_segment Palisade Wall x1 |
| 8:06 | juani.sanpedro · wall_segment Palisade Wall x8 |
| 8:19 | 着什么急 · first_building Barracks |
| 8:25 | 兮兮的沙碧久 · wall_segment Palisade Wall x9 |
| 8:54 | 兮兮的沙碧久 · wall_segment Palisade Wall x10 |
| 8:58 | juani.sanpedro · wall_segment Palisade Wall x2 |
| 9:01 | juani.sanpedro · first_building Barracks |
| 9:07 | juani.sanpedro · wall_segment Palisade Wall x5 |
| 9:23 | juanma3321 · first_building Barracks |
| 9:45 | 兮兮的沙碧久 · wall_segment Palisade Wall x1 |
| 9:49 | 着什么急 · wall_segment Palisade Wall x13 |
| 10:02 | 兮兮的沙碧久 · wall_segment Palisade Wall x9 |
| 10:03 | 着什么急 · wall_segment Palisade Wall x4 |
| 10:16 | juanma3321 · wall_segment Palisade Wall x3 |
| 10:18 | 着什么急 · wall_segment Palisade Wall x12 |
| 10:21 | juani.sanpedro · age_up feudal |
| 10:26 | Quemero · first_building Donjon |
| 10:31 | juani.sanpedro · first_building Stable |
| 10:33 | juanma3321 · age_up feudal |
| 10:38 | chispas · wall_segment Palisade Wall x11 |
| 10:41 | chispas · wall_segment Palisade Wall x5 |
| 10:43 | juanma3321 · first_building Archery Range |
| 10:45 | chispas · wall_segment Palisade Wall x6 |
| 10:51 | chispas · wall_segment Palisade Wall x11 |
| 10:53 | chispas · wall_segment Palisade Wall x4 |
| 10:58 | chispas · wall_segment Palisade Wall x5 |
| 11:02 | chispas · wall_segment Palisade Wall x21 |
| 11:11 | 着什么急 · age_up feudal |
| 11:20 | 着什么急 · first_building Stable |
| 11:42 | 兮兮的沙碧久 · first_building Barracks |
| 11:42 | Quemero · wall_segment Palisade Wall x1 |
| 11:47 | 着什么急 · wall_segment Palisade Wall x8 |
| 12:12 | juanma3321 · wall_segment Palisade Wall x10 |
| 12:15 | juani.sanpedro · wall_segment Palisade Wall x9 |
| 12:24 | 着什么急 · wall_segment Palisade Wall x1 |
| 12:26 | Quemero · age_up feudal |
| 12:30 | chispas · age_up feudal |
| 12:30 | 着什么急 · wall_segment Palisade Wall x1 |
| 12:31 | 兮兮的沙碧久 · age_up feudal |
| 12:41 | 着什么急 · wall_segment Palisade Wall x1 |
| 12:44 | juanma3321 · wall_segment Palisade Wall x4 |
| 12:48 | juanma3321 · wall_segment Palisade Wall x9 |
| 12:55 | juanma3321 · wall_segment Palisade Wall x6 |
| 12:59 | juanma3321 · wall_segment Palisade Wall x8 |
| 13:05 | 兮兮的沙碧久 · wall_segment Stone Wall x7 |
| 13:17 | 兮兮的沙碧久 · wall_segment Stone Wall x2 |
| 13:49 | chispas · wall_segment Palisade Wall x1 |
| 15:08 | 兮兮的沙碧久 · first_building Stable |
| 15:54 | chispas · first_building Barracks |
| 17:36 | chispas · age_up castle |
| 18:46 | 兮兮的沙碧久 · age_up castle |
| 21:11 | chispas · wall_segment Palisade Wall x3 |
| 21:14 | chispas · wall_segment Palisade Wall x5 |
| 21:27 | juanma3321 · wall_segment Palisade Wall x8 |
| 21:41 | 兮兮的沙碧久 · first_building Castle |
| 21:50 | 着什么急 · age_up castle |
| 22:06 | juanma3321 · age_up castle |
| 22:35 | juanma3321 · wall_segment Palisade Wall x9 |
| 22:36 | juanma3321 · wall_segment Palisade Wall x9 |
| 24:50 | juani.sanpedro · resign |
[ AI ANALYSIS · 1 CREDIT ]
What really happened in this match?
Wolo.gg analyzes every decision: build order, eco, micro, common mistakes by bracket. Personalized analysis on WhatsApp or Discord in 30 seconds.
Civ guide
Maya
Map guide
Arabia
Perfil
Jugador #15411516